 Dungeon Crawl Stone Soup version 0.22.1-1-ga44c0e5 (webtiles) character file.

544 sbiou the Magician (level 7, -1/52 HPs)
             Began as a Gnoll Wanderer on Oct 17, 2018.
             Slain by Duvessa
             ... wielding a +0 short sword
              (7 damage)
             ... on level 4 of the Dungeon.
             The game lasted 00:14:08 (2749 turns).

sbiou the Magician (Gnoll Wanderer)                 Turns: 2749, Time: 00:14:09

Health: -1/52      AC:  5    Str: 17    XL:     7   Next: 27%
Magic:  15/15      EV: 11    Int: 15    God:
Gold:   257        SH:  7    Dex: 13    Spells: 17/17 levels left

rFire    . . .     SeeInvis .   b - +1 hand crossbow
rCold    . . .     Gourm    .   y - +3 buckler
rNeg     . . .     Faith    .   z - +0 ring mail
rPois    .         Spirit   .   (no helmet)
rElec    .         Reflect  .   (no cloak)
rCorr    .         Harm     .   (no gloves)
MR       +....                  (no boots)
Stlth    +++.......             (no amulet)
HPRegen  0.17/turn              j - ring of protection from magic
MPRegen  0.14/turn              s - ring of stealth

@: about to teleport, very slightly contaminated
A: distributed training, fangs 1, strong nose
a: no special abilities


You were on level 4 of the Dungeon.
You were not hungry.

You visited 1 branch of the dungeon, and saw 4 of its levels.

You collected 257 gold pieces.

Inventory:

Hand Weapons
 b - a +1 hand crossbow (weapon)
 e - a +0 blowgun
 l - a +0 hunting sling
 o - a +0 long sword
Missiles
 c - 21 bolts (quivered)
 i - 2 needles of confusion
 k - 5 poisoned needles
 w - 12 tomahawks
Armour
 y - a +3 buckler (worn)
 z - a +0 ring mail (worn)
Magical Staves
 t - an uncursed staff of death
Jewellery
 d - a cursed +3 ring of strength {unknown}
 j - a ring of protection from magic (left hand)
 s - a ring of stealth (right hand)
Scrolls
 a - a scroll of enchant weapon
 f - 6 scrolls of remove curse
 m - a scroll of blinking
 p - 3 scrolls of amnesia
 q - 2 scrolls of identify
 r - 3 scrolls of teleportation
 v - 2 scrolls of magic mapping {unknown}
 A - a scroll of noise {unknown}
 B - a scroll of fog {unknown}
Potions
 h - a potion of curing
 u - a potion of brilliance
 C - 2 potions of cancellation {unknown}
Comestibles
 g - 7 rations


   Skills:
 + Level 3.5 Fighting
 + Level 2.3 Short Blades
 + Level 2.3 Long Blades
 + Level 2.3 Axes
 + Level 2.3 Maces & Flails
 + Level 2.3 Polearms
 + Level 2.3 Staves
 + Level 2.3 Slings
 + Level 2.3 Bows
 + Level 3.5 Crossbows
 + Level 3.5 Throwing
 + Level 3.5 Armour
 + Level 2.3 Dodging
 + Level 3.3 Stealth
 + Level 2.3 Shields
 + Level 2.3 Unarmed Combat
 + Level 5.5 Spellcasting
 + Level 1.9 Conjurations
 + Level 2.9 Hexes
 + Level 1.9 Charms
 + Level 1.9 Summonings
 + Level 1.9 Necromancy
 + Level 1.9 Translocations
 + Level 1.9 Transmutations
 + Level 1.9 Fire Magic
 + Level 1.9 Ice Magic
 + Level 1.9 Air Magic
 + Level 1.9 Earth Magic
 + Level 4.2 Poison Magic
 + Level 2.5 Invocations
 + Level 2.3 Evocations


You had 17 spell levels left.
You didn't know any spells.
Your spell library contained the following spells:

 Spells                   Type           Power        Failure   Level  Hunger
 Corona                   Hex            ##.....      11%         1    None
 Ensorcelled Hibernation  Hex/Ice        ##....       19%         2    #......
 Confuse                  Hex            ##......     30%         3    ###....
 Tukima's Dance           Hex            ##......     30%         3    ###....
 Dazzling Spray           Conj/Hex       ##....       36%         3    ###....


Dungeon Overview and Level Annotations

Branches:
Dungeon (4/15)
 Temple: D:4-7

Altars:
Gozag

Annotations:
D:3 2 transporters, Jaiteiro's ghost, amateur GrFi
D:4 Duvessa


Innate Abilities, Weirdness & Mutations

Your experience applies equally to all skills.
You have very sharp teeth.
Your uncanny sense of smell can sniff out nearby items.


Message History

You shoot a bolt. Something hits you! You block something's attack.
Something hits you.
Firing (i - inventory. (/) - cycle)
c - 22 bolts (quivered)
Press: ? - help, Shift-Dir - straight line You shoot a bolt.
Something hits you! Something hits you!!
* * * LOW HITPOINT WARNING * * *
Blink to where?
Press: ? - help, Dir - move target cursor You are very lightly contaminated with residual magic.
As you read the scroll of blinking, it crumbles to dust.
You hear a shout!
As you read the scroll labeled GULECAOPRE, it crumbles to dust.
It is a scroll of amnesia.
Your memory of Dazzling Spray unravels.
As you read the scroll labeled VOCSOL HOXTYV, it crumbles to dust.
It is a scroll of identify.
r - 4 scrolls of teleportation
As you read the scroll of teleportation, it crumbles to dust.
You feel strangely unstable. Something hits you!
You die...

. ###.........
##...######.(.?.......
.......>..=..)(.......
.. #.###....##....(..(
## #.###.#####........
#.##..# #........
#.##.## ###.#####
#....# #.# #..### #@#
####..# #.#
......####### #.#
###......>... ..#
##......### ###
#......# #......#
########


There were no monsters in sight!

Vanquished Creatures
  Dowan (D:4)
  4 orc priests
  A hound (D:4)
  An iguana (D:4)
  Natasha (thrice) (D:3)
  3 worker ants (D:4)
  A hound skeleton (D:4)
  Robin (D:3)
  3 adders
  2 oozes (D:3)
  A worm (D:3)
  2 dart slugs
  2 leopard geckos
  17 orcs
  2 ball pythons
  6 bats
  3 giant cockroaches
  19 goblins
  6 hobgoblins
  4 jackals (D:3)
  7 kobolds
  A quokka (D:4)
  2 frilled lizards (D:1)
  8 rats
100 creatures vanquished.

Notes
Turn   | Place    | Note
-------+----------+-------------------------------------------
     0 | D:1      | sbiou the Gnoll Wanderer began the quest for the Orb.
     0 | D:1      | sbiou set off with: a +0 hand crossbow, 30 bolts, 7
                  | poisoned needles, a +0 blowgun, a +0 robe, a ration
     0 | D:1      | Reached XP level 1. HP: 17/17 MP: 6/6
    97 | D:1      | Reached XP level 2. HP: 23/23 MP: 7/7
   333 | D:1      | Reached XP level 3. HP: 28/28 MP: 9/9
   415 | D:1      | Reached skill level 5 in Spellcasting
   931 | D:2      | Reached skill level 1 in Invocations
  1199 | D:2      | Found an opulent altar of Gozag.
  1346 | D:3      | Reached skill level 1 in Short Blades
  1346 | D:3      | Reached skill level 1 in Long Blades
  1346 | D:3      | Reached skill level 1 in Axes
  1346 | D:3      | Reached skill level 1 in Maces & Flails
  1346 | D:3      | Reached skill level 1 in Polearms
  1346 | D:3      | Reached skill level 1 in Staves
  1346 | D:3      | Reached skill level 1 in Slings
  1346 | D:3      | Reached skill level 1 in Bows
  1346 | D:3      | Reached skill level 1 in Dodging
  1346 | D:3      | Reached skill level 1 in Shields
  1346 | D:3      | Reached skill level 1 in Unarmed Combat
  1346 | D:3      | Reached skill level 1 in Evocations
  1359 | D:3      | Noticed Natasha
  1369 | D:3      | Killed Natasha
  1369 | D:3      | Reached XP level 4. HP: 31/34 MP: 11/11
  1418 | D:3      | Reached skill level 1 in Conjurations
  1418 | D:3      | Reached skill level 1 in Charms
  1418 | D:3      | Reached skill level 1 in Summonings
  1418 | D:3      | Reached skill level 1 in Necromancy
  1418 | D:3      | Reached skill level 1 in Translocations
  1418 | D:3      | Reached skill level 1 in Transmutations
  1418 | D:3      | Reached skill level 1 in Fire Magic
  1418 | D:3      | Reached skill level 1 in Ice Magic
  1418 | D:3      | Reached skill level 1 in Air Magic
  1418 | D:3      | Reached skill level 1 in Earth Magic
  1570 | D:3      | Found a transporter.
  1570 | D:3      | Noticed Jaiteiro's ghost (amateur GrFi)
  1578 | D:3      | Found a transporter.
  1598 | D:3      | Noticed Natasha
  1615 | D:3      | Killed Natasha
  1615 | D:3      | Reached XP level 5. HP: 39/40 MP: 12/12
  1750 | D:3      | Noticed Natasha
  1762 | D:3      | Killed Natasha
  1800 | D:3      | Noticed Robin
  1816 | D:3      | Killed Robin
  1826 | D:3      | Learned a level 3 spell: Dazzling Spray
  2030 | D:3      | Reached XP level 6. HP: 44/47 MP: 13/13
  2542 | D:4      | Reached XP level 7. HP: 43/52 MP: 15/15
  2731 | D:4      | Noticed Duvessa
  2731 | D:4      | Noticed Dowan
  2743 | D:4      | Killed Dowan
  2749 | D:4      | Slain by Duvessa

Skill      XL: |  1  2  3  4  5  6 |
---------------+-------------------+-----
Hexes          | 2 |  2.9
Spellcasting   | 5 |  5.5
Invocations    | 1 2 |  2.5
Short Blades   | 1 2 |  2.3
Long Blades    | 1 2 |  2.3
Axes           | 1 2 |  2.3
Maces & Flails | 1 2 |  2.3
Polearms       | 1 2 |  2.3
Staves         | 1 2 |  2.3
Slings         | 1 2 |  2.3
Bows           | 1 2 |  2.3
Dodging        | 1 2 |  2.3
Shields        | 1 2 |  2.3
Unarmed Combat | 1 2 |  2.3
Evocations     | 1 2 |  2.3
Conjurations   | 1 |  1.9
Charms         | 1 |  1.9
Summonings     | 1 |  1.9
Necromancy     | 1 |  1.9
Translocations | 1 |  1.9
Transmutations | 1 |  1.9
Fire Magic     | 1 |  1.9
Ice Magic      | 1 |  1.9
Air Magic      | 1 |  1.9
Earth Magic    | 1 |  1.9
Fighting       | 3 |  3.5
Crossbows      | 3 |  3.5
Throwing       | 3 |  3.5
Armour         | 3 |  3.5
Poison Magic   | 4 |  4.2
Stealth        | 3 |  3.3

Action                   |  1- 3 |  4- 6 |  7- 9 || total
-------------------------+-------+-------+-------++-------
Melee: Blowgun           |       |     1 |       ||     1
       Bite              |       |     1 |       ||     1
       Long sword        |       |     5 |       ||     5
 Fire: Hand crossbow     |    90 |   161 |    19 ||   270
       Blowgun           |       |     9 |       ||     9
Throw: Tomahawk          |       |    12 |       ||    12
 Cast: Dazzling Spray    |       |     4 |       ||     4
  Use: Potion            |       |     6 |       ||     6
       Scroll            |       |     5 |     5 ||    10
  Eat: Chunk             |     1 |     4 |     1 ||     6
Armor: Robe              |     4 |       |       ||     4
       Scale mail        |    13 |       |       ||    13
       Ring mail         |     1 |    38 |     6 ||    45
Dodge: Dodged            |    20 |    53 |     1 ||    74
Block: Buckler           |     2 |    34 |     4 ||    40
       Rpst.: Long sword |       |     1 |       ||     1
